 Dungeon Crawl Stone Soup version 0.26.1-11-gd32895ea62 (webtiles) character file.

Game seed: 12051896141945002729

187 Zeld the Sneak (level 5, -3/34 HPs)
             Began as an Octopode Brigand on May 15, 2021.
             Slain by an orc warrior
             ... wielding a +0 trident
              (10 damage)
             ... on level 4 of the Dungeon.
             The game lasted 00:05:45 (4259 turns).

Zeld the Sneak (Octopode Brigand)                   Turns: 4259, Time: 00:05:46

Health: -3/34      AC:  1    Str: 11    XL:     5   Next: 66%
Magic:  8/8        EV: 13    Int: 14    God:
Gold:   142        SH:  0    Dex: 13    Spells: 8/8 levels left

rFire    . . .     SeeInvis .   a - +2 dagger
rCold    . . .     Faith    .   (no shield)
rNeg     . . .     Spirit   .   (helmet restricted)
rPois    .         Reflect  .   (no amulet)
rElec    .         Harm     .   (no ring)
rCorr    .         Rampage  .   (no ring)
Will     .....                  (no ring)
Stlth    ++++......             (no ring)
HPRegen  0.11/turn              (no ring)
MPRegen  0.11/turn              (no ring)
                                (no ring)
                                (no ring)

@: no status effects
A: almost no armour, stealthy swim, amphibious, 8 rings, constrict 8, camouflage
1, gelatinous body 1
a: no special abilities


You were on level 4 of the Dungeon.
You visited 1 branch of the dungeon, and saw 4 of its levels.

You collected 142 gold pieces.

Inventory:

Hand Weapons
 a - a +2 dagger (weapon)
Missiles
 b - 8 poisoned darts (quivered)
 c - 2 curare-tipped darts
Jewellery
 e - an uncursed ring of ice {unknown}
 i - a +6 ring of dexterity {unknown}
Wands
 m - a wand of iceblast (7)
Scrolls
 f - a scroll of magic mapping {unknown}
 h - 2 scrolls of amnesia {unknown}
 k - a scroll of noise {unknown}
 n - 3 scrolls of identify {unknown}
 o - 2 scrolls of teleportation {unknown}
 p - 2 scrolls of random uselessness {unknown}
Potions
 d - a potion of heal wounds {unknown}
 g - 2 potions of resistance {unknown}
 j - 2 potions of degeneration {unknown}
 l - a potion of ambrosia {unknown}
 q - a potion of lignification {unknown}


   Skills:
 - Level 2.0 Fighting
 - Level 2.0 Short Blades
 * Level 4.8 Throwing
 - Level 1.0 Dodging
 - Level 5.3 Stealth
 + Level 2.4 Spellcasting


You had 8 spell levels left.
You didn't know any spells.
Your spell library was empty.

Dungeon Overview and Level Annotations

Branches:
Dungeon (4/15)
 Temple: D:4-7

Altars:
Cheibriados
Trog
Vehumet
Xom
Zin

Shops:
D:4 (


Innate Abilities, Weirdness & Mutations

You cannot wear most types of armour.
You are very stealthy in the water. (Stealth+)
You are amphibious.
You can wear up to eight rings at the same time.
You can use your tentacles to constrict eight enemies at once.
Your skin changes colour to match your surroundings (Stealth+).
Your rubbery body absorbs attacks. (AC +1, EV +1)


Message History

There is a stone staircase leading down here.
Done exploring.
Done exploring.
Done exploring.
You climb downwards.
The orc wizard points at itself and mumbles some strange words.
The orc wizard flickers and vanishes!
Deactivating autopickup; reactivate with Ctrl-A.
The orc warrior hits you from afar with a +0 trident!!
Ouch! That really hurt!
The orc hits you with a +0 short sword. The orc hits you.
* * * LOW HITPOINT WARNING * * *
The orc priest hits you with a +0 dagger.
* * * LOW HITPOINT WARNING * * *
The orc completely misses you. The orc barely misses you.
The orc warrior closely misses you.
There is a stone staircase leading up, spattered with blood here.
The orc misses you. x2
The orc warrior hits you from afar with a +0 trident!
You die...

#########
##...#..>##
##......∩..#
#...........
#...........
#....So.....
#..oo.{..>#
#!@oo...#
####.####
##### .#
##.... #
###..###
###...## #
#...### #.
#.### #.#
#.####.# #
#.# #......#
#


You could see an orc warrior, an orc priest, an adder and 3 orcs.

Vanquished Creatures
  A centaur skeleton (D:4)
  An orc priest (D:4)
  An orc wizard (D:3)
  4 adders (D:2)
  2 worms (D:3)
  2 dart slugs (D:3)
  2 leopard geckos
  5 orcs
  A giant cockroach (D:3)
  7 goblins
  5 hobgoblins
  4 jackals (D:3)
  4 kobolds
  A ball python (D:1)
  4 bats
  2 frilled lizards
  5 rats
51 creatures vanquished.

Notes
Turn   | Place    | Note
-------+----------+-------------------------------------------
     0 | D:1      | Zeld the Octopode Brigand began the quest for the Orb.
     0 | D:1      | Reached XP level 1. HP: 14/14 MP: 1/1
   389 | D:1      | Reached XP level 2. HP: 19/19 MP: 2/2
   947 | D:2      | Reached skill level 1 in Spellcasting
   947 | D:2      | Reached XP level 3. HP: 13/24 MP: 4/4
  1645 | D:2      | Reached XP level 4. HP: 29/29 MP: 6/6
  2321 | D:3      | Found a snail-covered altar of Cheibriados.
  2685 | D:3      | Found a bloodstained altar of Trog.
  3326 | D:3      | Found a radiant altar of Vehumet.
  3333 | D:3      | Found a glowing silver altar of Zin.
  3336 | D:3      | Found a shimmering altar of Xom.
  3416 | D:4      | Reached XP level 5. HP: 27/34 MP: 6/8
  3577 | D:4      | Noticed an ogre
  4064 | D:4      | Found Sawiy's Weapon Shoppe.
  4064 | D:4      | Noticed an orc warrior
  4259 | D:4      | Slain by an orc warrior

Illustrated notes

Levels and vault maps discovered:
D:1:      roderic_crossed_star, layout_basic, dk_noncrumbling_2
D:2:      layout_loops_ring
D:3:      layout_loops_corners, lightli_temple_of_fire, cheibriados_altar_1,
          grunt_temple_overflow_diamond
D:4:      layout_rooms, minmay_temple_entry_mist, serial_shops, shop

Skill      XL: |  1  2  3  4 |
---------------+-------------+-----
Throwing       | 3 4 |  4.8
Spellcasting   | 1 2 |  2.4
Fighting       | |  2.0
Short Blades   | |  2.0
Dodging        | |  1.0
Stealth        | |  5.3

Action                   |  1- 3 |  4- 6 || total
-------------------------+-------+-------++-------
Melee: Dagger            |    48 |    78 ||   126
       Constrict         |    11 |    19 ||    30
       Tentacles         |     9 |    19 ||    28
 Stab: Sleeping          |     9 |     4 ||    13
Armor: Skin              |     1 |     7 ||     8
Dodge: Dodged            |    25 |    55 ||    80
